 Dungeon Sprint DCSS version 0.23.1 (webtiles) character file.

Game seed: 5087789677514636621

2309 nuthulu the Blocker (level 9, -2/82 HPs)
             Began as a Formicid Fighter on Mar 4, 2019.
             Was a Believer of Okawaru.
             Slain by a tentacle (12 damage)
             ... attached to a kraken
             ... in the Dungeon (Sprint II: "The Violet Keep of Menkaure").
             The game lasted 00:05:27 (1354 turns).

nuthulu the Blocker (Formicid Fighter)              Turns: 1354, Time: 00:05:27

Health: -2/82      AC: 14    Str: 24 (25) XL:     9   Next: 68%
Magic:  7/9        EV: 12    Int:  7      God:    Okawaru [**....]
Gold:   164        SH: 15    Dex: 10      Spells: 8/8 levels left

rFire    . . .     SeeInvis +   l - +9 hand axe "Ishijya" {chop, +Blink}
rCold    . . .     Gourm    .   c - +0 shield
rNeg     . . .     Faith    .   b - +0 scale mail
rPois    .         Spirit   .   (helmet unavailable)
rElec    .         Reflect  .   e - +0 cloak
rCorr    .         Harm     .   d - +0 pair of gloves
MR       +....     Clarity  +   (no boots)
Stlth    +.........             (no amulet)
HPRegen  0.23/turn              m - ring of protection from magic
MPRegen  0.11/turn              (no ring)

@: heroism, very slow
A: permanent stasis, dig shafts and tunnels, four strong arms, antennae 3,
blurry vision 1, clarity, deterioration 1, subdued magic 1, MP-powered wands
a: Dig, Heroism, Renounce Religion


You were in the Dungeon.
You worshipped Okawaru.
Okawaru was pleased with you.
You were not hungry.

You visited 1 branch You collected 1053 gold pieces.
You spent 889 gold pieces at shops.

Inventory:

Hand Weapons
 a - a +0 war axe
 l - the +9 hand axe "Ishijya" (weapon) {chop, +Blink}
   (You bought it in a shop in the Dungeon)

   It inflicts extra damage upon your enemies.
   It lets you blink.
Armour
 b - a +0 scale mail (worn)
 c - a +0 shield (worn)
 d - a +0 pair of gloves (worn)
 e - a +0 cloak (worn)
Jewellery
 m - a ring of protection from magic (left hand)
Scrolls
 k - a scroll of blinking
Potions
 h - a potion of haste
 i - 2 potions of magic
 j - a potion of berserk rage


   Skills:
 + Level 11.8(16.8) Fighting
 + Level 10.7(15.7) Axes
 + Level 11.8(16.8) Armour
 + Level 12.7(17.7) Shields


You had 8 spell levels left.
You didn't know any spells.
Your spell library was empty.

Dungeon Overview and Level Annotations

Branches:
Dungeon (1/1)

Altars:
Cheibriados
Dithmenos
Elyvilon
Fedhas
Gozag
Hepliaklqana
Kikubaaqudgha
Makhleb
Nemelex Xobeh
Okawaru
Qazlal
Ru
Sif Muna
Trog
Uskayaw
Vehumet
Wu Jian
Xom
Yredelemnul
Zin
The Shining One
Beogh
Jiyva
Lugonu

Shops:
D }!:[[*%=}[!(:%?=

Annotations:
D exclusions: oklob plant and orange crystal statue


Innate Abilities, Weirdness & Mutations

You cannot be hasted, slowed, berserked, paralysed or teleported.
You can dig through walls and to a lower floor.
Your four strong arms can wield two-handed weapons with a shield.
You have a pair of large antennae on your head. (SInv)
Scrolls take you a little longer to read.
You possess an exceptional clarity of mind.
Your body sometimes deteriorates upon taking damage.
Your spells are a little easier to cast, but a little less powerful.
You expend magic power (3 MP) to strengthen your wands.


Message History

The tentacle barely misses you.
Your unstable footing causes you to fumble your attack.
The tentacle slaps you. The tentacle barely misses you.
You barely miss the tentacle.
The tentacle is almost dead.
You block the tentacle's attack.
You barely miss the tentacle.
The tentacle is almost dead.
The tentacle slaps you! The tentacle closely misses you.
You hit the tentacle.
The tentacle is almost dead.
The tentacle completely misses you.
Your unstable footing causes you to fumble your attack.
You block the tentacle's attack.
You gain the combat prowess of a mighty hero.
The tentacle slaps you!!
* * * LOW HITPOINT WARNING * * *
Your body deteriorates!
You feel weakened. The tentacle slaps you!
You die...

,,***#.*{{*,,*,,,,,,,,**,⌠,*,*,+≈
###,{+^###*,=▓[=%(=!)(▓▓,,,*,*,+≈
..#{{*...####▓=)$$[!=)▓▓,,,*,*,+≈
..##**#..##.#▓$???()$$▓▓,,,*,*,+≈
#..#,{+..#..#▓$)$)?)!$▓▓,,,*,*,+≈
#..#{,#..#..#▓((!"$(!$▓▓{⌠,*,*,*≈
+..####..##.#▓$($!((%(▓▓,,,*,*,*≈
#....###...##▓▓▓▓▓▓▓+▓▓▓▓+▓*,***≈
#.§....≈≈≈≈≈≈≈≈≈@w≈≈───Xw≈▓,,,,,,
≈≈§....≈#+########+###w≈w≈▓,,,,,,
≈≈≈≈≈..≈#)._._._.#tt≈##≈≈≈▓,,,,,,
≈≈≈≈§≈.≈#._._._..#t§≈≈##**▓****≈*
≈≈≈≈§≈≈§#_._._._.#§§§≈§#*,,*,,*≈*
≈≈§§§§≈≈#._._._._#§§§§≈§*,,*,,*≈*
≈≈≈≈§≈≈§#.._._._.#§§§§≈§+,,+,,*≈*
§≈§###≈≈#..._._._#§§§§≈≈*,,*,,*≈*
#≈≈*,#≈§#...._._.#§≈§§§≈*,,*,,*≈*


You could see a kraken, 2 tentacles and 3 crocodiles.

Vanquished Creatures
  A yaktaur (D)
  3 polar bears (D)
  A hornet (D)
  2 hippogriffs (D)
  4 neqoxecs (D)
  4 necrophages (D)
  4 worker ants (D)
19 creatures vanquished.

Vanquished Creatures (others)
  Menkaure (D)
  2 crocodiles (D)
  4 tentacles (D)
7 creatures vanquished.

Grand Total: 26 creatures vanquished

Notes
Turn   | Place    | Note
-------+----------+-------------------------------------------
     0 | D        | nuthulu the Formicid Fighter began the quest for the Orb.
     0 | D        | Reached XP level 1. HP: 18/18 MP: 1/1
     1 | D        | Noticed a worker ant
     1 | D        | Noticed a worker ant
     1 | D        | Noticed a worker ant
     1 | D        | Noticed a worker ant
     3 | D        | Killed a worker ant
     3 | D        | Reached skill level 4 in Shields
     3 | D        | Reached XP level 2. HP: 26/26 MP: 2/2
     3 | D        | Reached XP level 3. HP: 31/31 MP: 3/3
     7 | D        | Reached skill level 5 in Fighting
     7 | D        | Reached skill level 5 in Armour
     7 | D        | Reached skill level 5 in Shields
    12 | D        | HP: 1/33 [worker ant (5)]
    25 | D        | Reached XP level 4. HP: 15/39 MP: 4/4
    30 | D        | Reached skill level 6 in Shields
    45 | D        | Killed a crocodile
    67 | D        | Killed Menkaure
   211 | D        | Killed a crocodile
   266 | D        | Noticed a neqoxec
   266 | D        | Gained mutation: You possess an exceptional clarity of
                  | mind. [a neqoxec]
   275 | D        | Gained mutation: You expend magic power (3 MP) to
                  | strengthen your wands. [a neqoxec]
   276 | D        | Gained mutation: Your body sometimes deteriorates upon
                  | taking damage. [a neqoxec]
   284 | D        | Killed a neqoxec
   284 | D        | Reached skill level 7 in Shields
   284 | D        | Reached XP level 5. HP: 28/48 MP: 5/5
   284 | D        | Reached XP level 6. HP: 32/55 MP: 6/6
   409 | D        | Noticed a hippogriff
   409 | D        | Noticed a hippogriff
   412 | D        | Noticed a necrophage
   412 | D        | Noticed a necrophage
   412 | D        | Noticed a necrophage
   412 | D        | Noticed a necrophage
   421 | D        | Killed a necrophage
   421 | D        | Reached skill level 8 in Shields
   425 | D        | Killed a necrophage
   425 | D        | Reached skill level 9 in Shields
   425 | D        | Reached XP level 7. HP: 58/63 MP: 7/7
   458 | D        | Found Daraes's Food Shoppe.
   458 | D        | Found Haromov's Magic Scroll Shoppe.
   458 | D        | Found Qotzixaunk's Antique Weapon Emporium.
   458 | D        | Found Xepuhoxa's Book Emporium.
   458 | D        | Found Yfutoguw's Antique Armour Shoppe.
   458 | D        | Found Axigub's Distillery.
   459 | D        | Found Deklenik's Gadget Shoppe.
   459 | D        | Found Oguheqa's Jewellery Emporium.
   460 | D        | Found Ysoy's Food Shoppe.
   460 | D        | Found Ihotow's Assorted Antiques.
   460 | D        | Noticed a spiny frog
   461 | D        | Found Joatyg's Jewellery Emporium.
   461 | D        | Noticed a wyvern
   462 | D        | Found Keatik's Antique Armour Shoppe.
   462 | D        | Found Deaclal's Antique Armour Emporium.
   462 | D        | Noticed a spiny frog
   462 | D        | Noticed an oklob plant
   462 | D        | Noticed a wyvern
   463 | D        | Found Vutyilad's Distillery.
   463 | D        | Found Pameten's Gadget Emporium.
   463 | D        | Found Iplo's Book Shoppe.
   468 | D        | Noticed a death yak
   499 | D        | Noticed a neqoxec
   499 | D        | Noticed a neqoxec
   499 | D        | Noticed a neqoxec
   507 | D        | Killed a neqoxec
   507 | D        | Reached skill level 10 in Shields
   509 | D        | Gained mutation: Your spells are a little easier to cast,
                  | but a little less powerful. [a neqoxec]
   511 | D        | Gained mutation: Scrolls take you a little longer to read.
                  | [a neqoxec]
   513 | D        | Killed a neqoxec
   513 | D        | Reached XP level 8. HP: 72/72 MP: 8/8
   517 | D        | Reached skill level 10 in Fighting
   517 | D        | Reached skill level 10 in Armour
   519 | D        | Noticed an ice statue
   553 | D        | Killed a hippogriff
   553 | D        | Reached skill level 11 in Shields
   563 | D        | Killed a hippogriff
   816 | D        | Noticed an orange crystal statue
   891 | D        | Bought a pair of gloves for 126 gold pieces
   891 | D        | Bought a cloak for 126 gold pieces
   907 | D        | Bought a polished hand axe for 200 gold pieces
   907 | D        | Identified the +9 hand axe "Ishijya" {chop, +Blink} (You
                  | bought it in a shop in the Dungeon)
   910 | D        | Bought a scroll of magic mapping for 42 gold pieces
   925 | D        | Bought a potion of heal wounds for 60 gold pieces
   925 | D        | Bought a potion of heal wounds for 60 gold pieces
   942 | D        | Bought an uncursed ring of protection from magic for 275
                  | gold pieces
   985 | D        | Found a roughly hewn altar of Beogh.
   986 | D        | Found a hazy altar of Hepliaklqana.
   986 | D        | Found a snail-covered altar of Cheibriados.
   987 | D        | Found a stormy altar of Qazlal.
   987 | D        | Found a viscous altar of Jiyva.
   987 | D        | Found a shadowy altar of Dithmenos.
   988 | D        | Found a sacrificial altar of Ru.
   988 | D        | Found an ancient bone altar of Kikubaaqudgha.
   988 | D        | Found a white marble altar of Elyvilon.
   989 | D        | Found an ornate altar of the Wu Jian Council.
   989 | D        | Found a deep blue altar of Sif Muna.
   989 | D        | Found a corrupted altar of Lugonu.
   989 | D        | Found a blossoming altar of Fedhas.
   990 | D        | Found a shimmering altar of Xom.
   990 | D        | Found a bloodstained altar of Trog.
   990 | D        | Found a burning altar of Makhleb.
   991 | D        | Found a glowing golden altar of the Shining One.
   991 | D        | Found a basalt altar of Yredelemnul.
   991 | D        | Found a hide-covered altar of Uskayaw.
   993 | D        | Found a glowing silver altar of Zin.
   993 | D        | Found a radiant altar of Vehumet.
   993 | D        | Found a sparkling altar of Nemelex Xobeh.
   993 | D        | Noticed a hornet
   993 | D        | Noticed a polar bear
   993 | D        | Noticed a polar bear
   994 | D        | Found an opulent altar of Gozag.
   994 | D        | Found an iron altar of Okawaru.
   994 | D        | Noticed a yaktaur
   994 | D        | Noticed a polar bear
  1001 | D        | Noticed a flying skull
  1002 | D        | Noticed a flying skull
  1004 | D        | Became a worshipper of Warmaster Okawaru
  1025 | D        | Killed a polar bear
  1025 | D        | Reached XP level 9. HP: 20/79 MP: 9/9
  1030 | D        | Killed a hornet
  1030 | D        | Reached * piety under Okawaru
  1030 | D        | Reached skill level 10 in Axes
  1030 | D        | Reached skill level 12 in Shields
  1030 | D        | Killed a polar bear
  1036 | D        | Killed a yaktaur
  1036 | D        | Reached ** piety under Okawaru
  1037 | D        | Killed a polar bear
  1325 | D        | Noticed a kraken
  1354 | D        | Slain by a tentacle

Skill      XL: |  1  2  3  4  5  6  7  8  9 |
---------------+----------------------------+-----
Fighting       | 4 5 7 8 9 10 11 | 11.8
Axes           | 3 4 6 7 8 9 10 | 10.7
Armour         | 4 5 7 8 9 10 11 | 11.8
Shields        | 4 5 7 9 10 11 12 | 12.7

Action                   |  1- 3 |  4- 6 |  7- 9 || total
-------------------------+-------+-------+-------++-------
Melee: War axe           |    22 |    31 |    45 ||    98
       Hand axe          |       |       |    32 ||    32
Invok: Heroism           |       |       |     2 ||     2
  Use: Potion            |     1 |     1 |     3 ||     5
       Scroll            |       |       |     1 ||     1
  Eat: Ration            |       |       |     1 ||     1
       Chunk             |       |       |     1 ||     1
Armor: Scale mail        |     6 |     7 |    40 ||    53
Dodge: Dodged            |     8 |    14 |    49 ||    71
Block: Shield            |    11 |     8 |    63 ||    82
